 Dungeon Sprint DCSS version 0.30.0-19-g36f170ea60 (webtiles) character file.

Game seed: 4232167281532325021

51800000 Groucho the Axe Maniac (level 27, 197/228 HPs)
             Began as a Djinni Warper on May 27, 2023.
             Was the Champion of Makhleb.
             Escaped with the Orb!
             The game lasted 00:12:19 (259 turns).

Groucho the Axe Maniac (Djinni Warper)               Turns: 259, Time: 00:12:20

Health: 197/228    AC:  6    Str: 10    XL:     27
Gold:   0          EV: 30    Int: 23    God:    Makhleb [******] SH:  0 Dex: 19

rFire   + + .        i - +∞ Axe of Woe
rCold   x . .        (shield currently unavailable)
rNeg    . . .        b - +0 leather armour
rPois   ∞            (no helmet)
rElec   .            (no cloak)
rCorr   .            (no gloves)
SInv    +            (boots unavailable)
Will    ++...        (no amulet)
Stlth   +++          j - +30 ring of slaying
HPRegen 0.58/turn    k - ring of see invisible
MPRegen 0.00/turn

%: no teleportation
@: flying
A: sickness immunity, fire resistance 2, cold vulnerability 1, float, innate
caster, HP casting, extra vitality 1
0: Orb of Zot
a: Renounce Religion, Minor Destruction, Lesser Servant of Makhleb, Major
Destruction, Greater Servant of Makhleb


You escaped.
You worshipped Makhleb.
Makhleb was exalted by your worship.
You visited 1 branch

Inventory:

Hand Weapons
 a - a +0 hand axe
 i - the +∞ Axe of Woe (weapon)
   (You found it in the Dungeon)
 t - a +9 battleaxe
Missiles
 d - 7 boomerangs of dispersal
Armour
 b - a +0 leather armour (worn)
Jewellery
 g - a +250 ring of slaying
 j - a +30 ring of slaying (left hand)
 k - a ring of see invisible (right hand)
 l - a +30 ring of slaying
 m - a +30 ring of slaying
 n - a +200 ring of slaying
 o - a +100 ring of slaying
 p - a +200 ring of slaying
 q - a +200 ring of slaying
 r - a +200 ring of slaying
 s - a +200 ring of slaying
Scrolls
 c - 2 scrolls of blinking
Potions
 f - a potion of heal wounds
 h - a potion of berserk rage


   Skills:
 O Level 27 Fighting
 O Level 27 Short Blades
 O Level 27 Long Blades
 O Level 27 Axes
 O Level 27 Maces & Flails
 O Level 27 Polearms
 O Level 27 Staves
 O Level 27 Ranged Weapons
 O Level 27 Throwing
 O Level 27 Armour
 O Level 27 Dodging
 O Level 27 Stealth
 O Level 27 Shields
 O Level 27 Unarmed Combat
 O Level 27 Spellcasting
 O Level 27 Invocations
 O Level 27 Evocations


You knew the following spells:

 Your Spells              Type           Power      Damage    Failure   Level
a - Blink                 Tloc           100%       N/A       0%          2
b - Lesser Beckoning      Tloc           100%       N/A       0%          2
c - Vhi's Electric Charg  Tloc/Air       100%       N/A       0%          3
d - Teleport Other        Tloc           100%       N/A       0%          3
e - Manifold Assault      Tloc           100%       N/A       0%          4
f - Slow                  Hex            100%       N/A       0%          1
g - Static Discharge      Conj/Air       100%       2-7/arc   0%          2
h - Frozen Ramparts       Ice            100%       1d16      0%          3
i - Animate Armour        Summ/Erth      100%       N/A       0%          4
j - Cause Fear            Hex            50%        N/A       0%          4
k - Silence               Hex/Air        50%        N/A       0%          5
l - Dispersal             Tloc           50%        N/A       0%          6
m - Enfeeble              Hex            50%        N/A       0%          7
n - Monstrous Menagerie   Summ           50%        N/A       0%          7
o - Orb of Destruction    Conj           50%        9d13      0%          7
p - Necromutation         Tmut/Necr      50%        N/A       1%          8
q - Ignition              Fire           50%        3d14      1%          8
r - Polar Vortex          Ice            50%        N/A       1%          9
Your spell library was empty.

Dungeon Overview and Level Annotations

Branches:
Dungeon (1/1)

Altars:
Makhleb


Innate Abilities, Weirdness & Mutations

You are immune to sickness and miasma.
You are immune to poison.
Your flesh is very heat resistant. (rF++)
You are vulnerable to cold. (rC-)
You float through the air rather than walking.
You learn spells naturally, not from books.
Your magical power is your life essence.
You have superior vitality. (+4 MHP)


Message History

You hear a shout!
You hear a roar!
You hear an angry hiss.
You hear a shout!
You hear a roar!
You hear a shout!
You hear a howl!
You hear an angry hiss.
You hear a shout! x8; You hear an angry hiss.
You hear a shout! x2
You hear a roar! x2; You hear a shout! x4; You hear a roar! x2
You hear an angry hiss.
You hear a shout! x5; You hear an angry hiss.
You hear a shout! x4; You hear an angry hiss.
You hear a shout! x6
You hear a roar!
You hear a shout! x5; You hear an angry hiss.
You hear a shout! x4; You hear an angry hiss.
You hear a shout!
You hear a roar!
You hear an angry hiss.
You hear a shout! x3; You hear an angry hiss.
You hear a shout! x6
A meat beast comes into view.
You hear a shout!
You hear a grinding noise.
You hear a shout!
A vile comes into view. It is wielding a +0 mace.
A dread comes into view.
A bag of meat comes into view. It is wielding a +9 war axe.
A vile comes into view. It is wielding a +0 morningstar.
You hear a grinding noise.
A bag of meat comes into view. It is wielding a +9 war axe.
A fleshlord comes into view. It is wielding a +9 great mace.
The fleshlord shouts!
You hear a shout! x3
An observer comes into view.
A fleshlord comes into view. It is wielding a +9 great mace.
A meat berserker comes into view. It is wielding a +9 battleaxe.
An observer comes into view.
Some rock shatters into small pieces.
A scourge comes into view.
You hear a shout!
The fleshlord mumbles some strange words.
The fleshlord seems to speed up.
You hear a shout!
A vile comes into view. It is wielding a +0 morningstar.
There is a staircase leading out of the dungeon, spattered with blood here.
Items here: )))) ==== ††††.
The dread throws damnation at you.
The sphere of damnation explodes!
The damnation engulfs you!!
You hear a grinding noise. x2
The observer gazes at you.
The fireball explodes!
The fireball engulfs you! You resist.
You hear a shout!
You have escaped!

†.))....†)) )W2...)))
#))...).# .. #9). .).#
. ...###.)) .).###)§
.).)...2##))..))))
#)...)o.._).9)))§.
.)).))#.†)))#.†.)
.......)..#_)@._#.)..
).#.)†.o.†))))))#.).
....#).).).)._†.....
...).))p...)###)..)G.
....)))###.....p.9##).
....)).).#....)†.#O. .
.....))))#Go)).)S....
#......))))))..).9..o
.#.#..))))))†....)).


You could see a meat beast (fast), 2 observers, a scourge, 2 fleshlords, a
dread, 4 viles, a meat berserker (berserk) and 3 bags of meat.

Vanquished Creatures
  18 molten gargoyles (D)
  Dispater (D)
  32 hell knights (D)
  Sigmund (D)
  15 hell beasts (D)
  14 royal mummies (D)
  24 great orbs of eyes (D)
  31 wraiths (D)
  Harold (D)
  24 vampire knights (D)
  67 ogres (D)
  13 two-headed ogres (D)
  6 liches (D)
  23 hydras (D)
  20 phantoms (D)
  101 orcs (D)
  10 skeletal warriors (D)
  18 sea snakes (D)
419 creatures vanquished.

Vanquished Creatures (others)
  An orc (D)
1 creature vanquished.

Grand Total: 420 creatures vanquished

Notes
Turn   | Place    | Note
-------+----------+-------------------------------------------
     0 | D        | Found the +∞ Axe of Woe
     0 | D        | Groucho the Djinni Warper began the quest for the Orb.
     0 | D        | Groucho set off with the following spells memorised: Blink,
                  | Lesser Beckoning, Vhi's Electric Charge, Teleport Other,
                  | Manifold Assault.
     0 | D        | Reached XP level 1. HP: 18/18 MP: 0/0
     1 | D        | Noticed a bag of meat
     2 | D        | Killed a bag of meat
     2 | D        | Noticed a bag of meat
     2 | D        | Noticed a bag of meat
     2 | D        | Noticed a bag of meat
     3 | D        | Reached skill level 15 in Axes
     3 | D        | Reached skill level 10 in Spellcasting
     3 | D        | Reached XP level 2. HP: 23/23 MP: 0/0
     3 | D        | Reached XP level 3. HP: 28/28 MP: 0/0
     3 | D        | Learned a level 1 spell: Slow
     3 | D        | Reached XP level 4. HP: 33/33 MP: 0/0
     3 | D        | Reached XP level 5. HP: 38/38 MP: 0/0
     3 | D        | Learned a level 2 spell: Static Discharge
     3 | D        | Reached XP level 6. HP: 43/43 MP: 0/0
     3 | D        | Reached XP level 7. HP: 49/49 MP: 0/0
     3 | D        | Learned a level 3 spell: Frozen Ramparts
     3 | D        | Reached XP level 8. HP: 54/54 MP: 0/0
     3 | D        | Reached XP level 9. HP: 58/58 MP: 0/0
     3 | D        | Learned a level 4 spell: Animate Armour
     3 | D        | Reached XP level 10. HP: 64/64 MP: 0/0
     3 | D        | Reached XP level 11. HP: 68/68 MP: 0/0
     3 | D        | Learned a level 4 spell: Cause Fear
     3 | D        | Noticed a bag of meat
     3 | D        | Noticed a meat berserker
     3 | D        | Noticed a bag of meat
     5 | D        | Became a worshipper of Makhleb the Destroyer
     7 | D        | Killed a meat berserker
     7 | D        | Noticed a meat berserker
     8 | D        | Reached XP level 12. HP: 74/74 MP: 0/0
     8 | D        | Reached XP level 13. HP: 78/78 MP: 0/0
     8 | D        | Learned a level 5 spell: Silence
    10 | D        | Noticed a bag of meat
    11 | D        | Killed a meat berserker
    11 | D        | Reached * piety under Makhleb
    12 | D        | Reached XP level 14. HP: 85/85 MP: 0/0
    12 | D        | Noticed a meat berserker
    14 | D        | Killed a bag of meat
    14 | D        | Noticed a meat berserker
    14 | D        | Noticed a meat berserker
    14 | D        | Noticed a bag of meat
    15 | D        | Reached skill level 15 in Spellcasting
    15 | D        | Noticed a bag of meat
    15 | D        | Noticed a bag of meat
    17 | D        | Killed a meat berserker
    17 | D        | Killed a bag of meat
    17 | D        | Reached ** piety under Makhleb
    18 | D        | Reached XP level 15. HP: 81/89 MP: 0/0
    18 | D        | Learned a level 6 spell: Dispersal
    18 | D        | Killed a meat berserker
    18 | D        | Noticed a destroyer
    18 | D        | Noticed a meat berserker
    20 | D        | Reached XP level 16. HP: 86/94 MP: 0/0
    20 | D        | Killed a meat berserker
    20 | D        | Reached *** piety under Makhleb
    21 | D        | Reached skill level 27 in Axes
    21 | D        | Killed a destroyer
    22 | D        | Reached skill level 27 in Dodging
    22 | D        | Reached XP level 17. HP: 99/99 MP: 0/0
    22 | D        | Learned a level 7 spell: Enfeeble
    22 | D        | Reached **** piety under Makhleb
    24 | D        | Killed a meat berserker
    25 | D        | Reached skill level 27 in Spellcasting
    25 | D        | Reached XP level 18. HP: 143/143 MP: 0/0
    25 | D        | Noticed a large bag of meat
    25 | D        | Noticed a meat berserker
    25 | D        | Noticed a meat berserker
    26 | D        | Noticed a destroyer
    27 | D        | Noticed a large bag of meat
    28 | D        | Killed a large bag of meat
    28 | D        | Reached ***** piety under Makhleb
    30 | D        | Killed a meat berserker
    30 | D        | Killed a destroyer
    30 | D        | Killed a meat berserker
    30 | D        | Noticed a meat berserker
    31 | D        | Reached skill level 27 in Fighting
    31 | D        | Reached XP level 19. HP: 174/174 MP: 0/0
    31 | D        | Learned a level 7 spell: Monstrous Menagerie
    31 | D        | Killed a large bag of meat
    31 | D        | Killed a meat berserker
    31 | D        | Reached ****** piety under Makhleb
    32 | D        | Reached skill level 27 in Armour
    32 | D        | Reached XP level 20. HP: 181/181 MP: 0/0
    32 | D        | Noticed a destroyer
    32 | D        | Killed a destroyer
    33 | D        | Noticed a meat berserker
    33 | D        | Noticed a destroyer
    34 | D        | Killed a destroyer
    34 | D        | Killed a meat berserker
    35 | D        | Reached skill level 27 in Invocations
    35 | D        | Reached XP level 21. HP: 187/187 MP: 0/0
    35 | D        | Learned a level 7 spell: Orb of Destruction
    37 | D        | Noticed a meat berserker
    38 | D        | Killed a meat berserker
    38 | D        | Noticed a meat berserker
    39 | D        | Reached XP level 22. HP: 194/194 MP: 0/0
    39 | D        | Noticed a destroyer
    39 | D        | Noticed a meat berserker
    39 | D        | Noticed a destroyer
    40 | D        | Noticed a large bag of meat
    40 | D        | Killed a meat berserker
    40 | D        | Killed a destroyer
    40 | D        | Killed a meat berserker
    40 | D        | Noticed a meat berserker
    40 | D        | Noticed a meat berserker
    41 | D        | Reached skill level 27 in Evocations
    41 | D        | Killed a large bag of meat
    41 | D        | Killed a destroyer
    41 | D        | Killed a meat berserker
    42 | D        | Reached skill level 27 in Throwing
    42 | D        | Reached XP level 23. HP: 201/201 MP: 0/0
    42 | D        | Learned a level 8 spell: Necromutation
    42 | D        | Noticed a large bag of meat
    42 | D        | Noticed a large bag of meat
    42 | D        | Noticed a destroyer
    43 | D        | Noticed a destroyer
    44 | D        | Noticed a large bag of meat
    44 | D        | Killed a large bag of meat
    45 | D        | Reached skill level 27 in Stealth
    45 | D        | Reached skill level 5 in Long Blades
    45 | D        | Reached skill level 5 in Maces & Flails
    45 | D        | Reached skill level 5 in Polearms
    45 | D        | Reached skill level 5 in Ranged Weapons
    45 | D        | Reached XP level 24. HP: 208/208 MP: 0/0
    45 | D        | Killed a destroyer
    46 | D        | Reached skill level 10 in Maces & Flails
    46 | D        | Reached skill level 10 in Polearms
    46 | D        | Reached skill level 10 in Ranged Weapons
    48 | D        | Reached skill level 15 in Shields
    48 | D        | Reached skill level 15 in Unarmed Combat
    48 | D        | Reached XP level 25. HP: 214/214 MP: 0/0
    48 | D        | Learned a level 8 spell: Ignition
    48 | D        | Killed a large bag of meat
    48 | D        | Noticed a large bag of meat
    49 | D        | Noticed an accursed
    49 | D        | Killed an accursed
    50 | D        | Reached XP level 26. HP: 112/221 MP: 0/0
    51 | D        | Noticed an accursed
    51 | D        | Killed a destroyer
    51 | D        | Killed a large bag of meat
    51 | D        | Noticed a tyrant
    51 | D        | Noticed a destroyer
    52 | D        | Killed a tyrant
    53 | D        | Reached XP level 27. HP: 218/228 MP: 0/0
    53 | D        | Learned a level 9 spell: Polar Vortex
    53 | D        | Killed a large bag of meat
    53 | D        | Noticed a tyrant
    56 | D        | Killed a destroyer
    56 | D        | Killed a tyrant
    56 | D        | Killed an accursed
    57 | D        | Reached skill level 27 in Shields
    57 | D        | Reached skill level 27 in Unarmed Combat
    57 | D        | Noticed an accursed
    57 | D        | Noticed a destroyer
    57 | D        | Noticed an accursed
    58 | D        | Noticed a large bag of meat
    59 | D        | Killed an accursed
    60 | D        | Reached skill level 27 in Short Blades
    60 | D        | Reached skill level 27 in Long Blades
    60 | D        | Reached skill level 27 in Maces & Flails
    60 | D        | Reached skill level 27 in Polearms
    60 | D        | Reached skill level 27 in Staves
    60 | D        | Reached skill level 27 in Ranged Weapons
    62 | D        | Noticed a large bag of meat
    63 | D        | Killed a destroyer
    63 | D        | Noticed a dread
    64 | D        | Killed a large bag of meat
    64 | D        | Noticed a large bag of meat
    65 | D        | Noticed a dread
    65 | D        | Killed an accursed
    65 | D        | Killed a dread
    65 | D        | Noticed a destroyer
    68 | D        | Noticed a dread
    68 | D        | Noticed a destroyer
    69 | D        | Killed a destroyer
    69 | D        | Killed a large bag of meat
    70 | D        | Killed a destroyer
    71 | D        | Noticed a meat beast
    72 | D        | Noticed a meat beast
    72 | D        | Killed a large bag of meat
    72 | D        | Killed a dread
    72 | D        | Killed a dread
    73 | D        | Killed a meat beast
    74 | D        | Killed a meat beast
    74 | D        | Noticed a tyrant
    79 | D        | Noticed The Captor
    80 | D        | Noticed a dread
    81 | D        | Killed a tyrant
    86 | D        | Killed The Captor
    87 | D        | Noticed an accursed
    89 | D        | Killed a dread
    89 | D        | Killed an accursed
    90 | D        | Noticed an accursed
    90 | D        | Killed an accursed
    90 | D        | Noticed a dread
    91 | D        | Noticed an accursed
    92 | D        | Noticed a dread
    94 | D        | Noticed a meat beast
    95 | D        | Killed an accursed
    95 | D        | Killed a meat beast
    95 | D        | Noticed a dread
    96 | D        | Killed a dread
    96 | D        | Killed a dread
    96 | D        | Noticed a meat beast
    97 | D        | Noticed an accursed
    99 | D        | Killed a meat beast
    99 | D        | Killed a dread
   100 | D        | Noticed an accursed
   100 | D        | Killed an accursed
   100 | D        | Killed an accursed
   100 | D        | Noticed an accursed
   102 | D        | Noticed a destroyer
   104 | D        | Noticed a large bag of meat
   104 | D        | Killed a large bag of meat
   104 | D        | Killed a destroyer
   110 | D        | Killed an accursed
   111 | D        | Noticed a dread
   112 | D        | Noticed a dread
   112 | D        | Killed a dread
   112 | D        | Killed a dread
   115 | D        | Noticed a fleshlord
   116 | D        | Killed a fleshlord
   118 | D        | Noticed a fleshlord
   119 | D        | Noticed a fleshlord
   119 | D        | Noticed a fleshlord
   119 | D        | Killed a fleshlord
   119 | D        | Killed a fleshlord
   119 | D        | Killed a fleshlord
   120 | D        | Noticed a fleshlord
   120 | D        | Killed a fleshlord
   120 | D        | Noticed a fleshlord
   124 | D        | Killed a fleshlord
   125 | D        | Noticed a dread
   125 | D        | Noticed a fleshlord
   126 | D        | Killed a dread
   126 | D        | Killed a fleshlord
   127 | D        | Noticed a fleshlord
   128 | D        | Killed a fleshlord
   128 | D        | Noticed a meat beast
   132 | D        | Noticed a dread
   133 | D        | Killed a dread
   134 | D        | Noticed a fleshlord
   134 | D        | Noticed a fleshlord
   135 | D        | Killed a fleshlord
   135 | D        | Killed a fleshlord
   136 | D        | Noticed a destroyer
   136 | D        | Killed a destroyer
   137 | D        | Noticed a meat beast
   137 | D        | Noticed a destroyer
   138 | D        | Killed a destroyer
   138 | D        | Killed a meat beast
   139 | D        | Noticed a dread
   140 | D        | Killed a dread
   140 | D        | Noticed an accursed
   141 | D        | Killed an accursed
   148 | D        | Noticed a destroyer
   150 | D        | Killed a destroyer
   150 | D        | Noticed a dread
   152 | D        | Killed a dread
   152 | D        | Noticed a fleshlord
   152 | D        | Noticed a dread
   153 | D        | Killed a dread
   153 | D        | Killed a fleshlord
   155 | D        | Noticed a dread
   155 | D        | Noticed a fleshlord
   156 | D        | Killed a dread
   156 | D        | Killed a fleshlord
   165 | D        | Noticed a fleshlord
   165 | D        | Killed a fleshlord
   165 | D        | Noticed a fleshlord
   166 | D        | Killed a fleshlord
   166 | D        | Noticed a meat beast
   166 | D        | Noticed a dread
   168 | D        | Killed a meat beast
   168 | D        | Killed a dread
   168 | D        | Noticed a fleshlord
   169 | D        | Killed a fleshlord
   169 | D        | Noticed a fleshlord
   170 | D        | Noticed a dread
   170 | D        | Killed a dread
   170 | D        | Killed a fleshlord
   171 | D        | Killed a meat beast
   172 | D        | Noticed a fleshlord
   173 | D        | Noticed a dread
   173 | D        | Killed a fleshlord
   173 | D        | Killed a dread
   174 | D        | Noticed an accursed
   177 | D        | Killed an accursed
   178 | D        | Noticed a dread
   178 | D        | Killed a dread
   179 | D        | Noticed a tyrant
   179 | D        | Noticed a fleshlord
   180 | D        | Killed a tyrant
   180 | D        | Killed a fleshlord
   181 | D        | Noticed a fleshlord
   181 | D        | Killed a fleshlord
   182 | D        | Noticed a fleshlord
   183 | D        | Killed a fleshlord
   186 | D        | Noticed an accursed
   187 | D        | Noticed a destroyer
   188 | D        | Noticed The Servant
   188 | D        | Killed a destroyer
   190 | D        | Killed The Servant
   190 | D        | Noticed a dread
   191 | D        | Killed an accursed
   191 | D        | Noticed a meat beast
   192 | D        | Killed a meat beast
   192 | D        | Killed a dread
   193 | D        | Noticed a fleshlord
   193 | D        | Noticed a dread
   194 | D        | Killed a fleshlord
   194 | D        | Noticed a dread
   195 | D        | Killed a dread
   195 | D        | Noticed a destroyer
   198 | D        | Noticed a dread
   199 | D        | Noticed a tyrant
   200 | D        | Killed a dread
   200 | D        | Killed a dread
   200 | D        | Killed a tyrant
   201 | D        | Killed a destroyer
   202 | D        | Noticed a meat beast
   202 | D        | Noticed a large bag of meat
   203 | D        | Killed a large bag of meat
   203 | D        | Killed a meat beast
   203 | D        | Noticed a fleshlord
   204 | D        | Noticed a fleshlord
   204 | D        | Noticed a large bag of meat
   205 | D        | Killed a fleshlord
   205 | D        | Noticed a destroyer
   205 | D        | Noticed a meat beast
   206 | D        | Killed a destroyer
   206 | D        | Killed a meat beast
   206 | D        | Killed a fleshlord
   206 | D        | Noticed a vile
   206 | D        | Noticed a fleshlord
   212 | D        | Killed a vile
   215 | D        | Noticed a vile
   215 | D        | Noticed a destroyer
   215 | D        | Noticed a fleshlord
   215 | D        | Killed a destroyer
   215 | D        | Killed a vile
   215 | D        | Killed a fleshlord
   216 | D        | Noticed a fleshlord
   216 | D        | Noticed a dread
   216 | D        | Noticed a destroyer
   217 | D        | Noticed a vile
   218 | D        | Killed a large bag of meat
   218 | D        | Killed a dread
   218 | D        | Noticed a meat beast
   218 | D        | Noticed a fleshlord
   219 | D        | Killed a fleshlord
   220 | D        | Killed a destroyer
   221 | D        | Noticed a vile
   222 | D        | Killed a vile
   223 | D        | Noticed a dread
   223 | D        | Killed a dread
   223 | D        | Noticed a fleshlord
   224 | D        | Killed a vile
   224 | D        | Killed a fleshlord
   224 | D        | Killed a meat beast
   224 | D        | Noticed a tyrant
   225 | D        | Killed a tyrant
   225 | D        | Noticed a dread
   226 | D        | Noticed a vile
   226 | D        | Killed a dread
   226 | D        | Killed a vile
   226 | D        | Noticed an accursed
   227 | D        | Noticed a vile
   227 | D        | Killed an accursed
   227 | D        | Killed a vile
   229 | D        | Noticed a vile
   229 | D        | Killed a vile
   229 | D        | Noticed a meat beast
   230 | D        | Noticed a vile
   230 | D        | Killed a vile
   231 | D        | Killed a meat beast
   233 | D        | Noticed a vile
   233 | D        | Killed a vile
   233 | D        | Noticed a vile
   233 | D        | Noticed a dread
   234 | D        | Killed a dread
   234 | D        | Killed a vile
   234 | D        | Noticed a meat beast
   235 | D        | Killed a meat beast
   235 | D        | Noticed a fleshlord
   236 | D        | Killed a fleshlord
   238 | D        | Noticed a dread
   239 | D        | Killed a dread
   239 | D        | Noticed a destroyer
   239 | D        | Noticed a vile
   240 | D        | Killed a destroyer
   240 | D        | Killed a vile
   240 | D        | Noticed a vile
   240 | D        | Noticed a vile
   241 | D        | Killed a vile
   241 | D        | Killed a vile
   242 | D        | Noticed a fleshlord
   243 | D        | Killed a fleshlord
   244 | D        | Noticed a meat beast
   244 | D        | Noticed a vile
   244 | D        | Noticed a vile
   244 | D        | Noticed a destroyer
   244 | D        | Noticed a destroyer
   245 | D        | Killed a destroyer
   245 | D        | Killed a vile
   245 | D        | Killed a destroyer
   245 | D        | Noticed a meat beast
   245 | D        | Noticed a fleshlord
   246 | D        | Noticed a vile
   246 | D        | Noticed a dread
   247 | D        | Killed a meat beast
   247 | D        | Killed a dread
   247 | D        | Killed a vile
   247 | D        | Noticed a dread
   247 | D        | Noticed a fleshlord
   247 | D        | Noticed a dread
   248 | D        | Killed a vile
   248 | D        | Killed a dread
   248 | D        | Noticed a fleshlord
   249 | D        | Killed a fleshlord
   249 | D        | Killed a fleshlord
   249 | D        | Noticed a vile
   250 | D        | Killed a vile
   250 | D        | Noticed a meat beast
   251 | D        | Killed a dread
   251 | D        | Killed a meat beast
   252 | D        | Noticed a vile
   252 | D        | Killed a vile
   252 | D        | Noticed The Meatlord
   253 | D        | Killed a fleshlord
   253 | D        | Killed The Meatlord
   253 | D        | Noticed a fleshlord
   254 | D        | Killed a fleshlord
   256 | D        | Got the Orb of Zot
   256 | D        | Noticed a meat beast
   256 | D        | Noticed a vile
   256 | D        | Noticed a dread
   256 | D        | Noticed a vile
   257 | D        | Noticed a fleshlord
   257 | D        | Noticed a fleshlord
   258 | D        | Noticed a vile
   258 | D        | Noticed a vile
   259 | D        | Escaped with the Orb!

Illustrated notes

Levels and vault maps discovered:
D:        meatsprint

Skill      XL: |  1  2  3  4  5  6  7  8  9 10 11 12 13 14 15 16 17 18 19 20 21 22 23 24 25 26 27 |
---------------+----------------------------------------------------------------------------------+-----
Axes           | 15 19 21 24 26 27 | 27.0
Dodging        | 14 18 20 22 24 27 | 27.0
Spellcasting   | 10 13 14 16 18 22 27 | 27.0
Fighting       | 17 27 | 27.0
Armour         | 20 27 | 27.0
Invocations    | 17 27 | 27.0
Throwing       | 12 18 27 | 27.0
Evocations     | 14 21 27 | 27.0
Stealth        | 22 27 | 27.0
Short Blades   | 6 13 18 21 27 | 27.0
Long Blades    | 5 13 18 20 27 | 27.0
Maces & Flails | 5 12 16 19 27 | 27.0
Polearms       | 5 12 17 19 27 | 27.0
Staves         | 6 13 18 21 27 | 27.0
Ranged Weapons | 5 12 16 19 27 | 27.0
Shields        | 6 15 19 22 27 | 27.0
Unarmed Combat | 6 15 19 22 27 | 27.0

Action                     |  1- 3 |  4- 6 |  7- 9 | 10-12 | 13-15 | 16-18 | 19-21 | 22-24 | 25-27 || total
---------------------------+-------+-------+-------+-------+-------+-------+-------+-------+-------++-------
  Melee: Executioner's axe |     1 |       |       |     1 |     5 |     7 |    12 |    21 |   340 ||   387
   Cast: Manifold Assault  |       |       |       |       |       |       |     4 |     5 |   107 ||   116
         Polar Vortex      |       |       |       |       |       |       |       |       |     1 ||     1
    Use: Potion            |       |       |       |       |       |       |       |       |     2 ||     2
   Stab: Distracted        |       |       |       |       |       |       |       |       |     2 ||     2
 Armour: Leather armour    |       |       |       |       |       |       |       |       |     1 ||     1
  Dodge: Dodged            |       |       |       |       |       |       |       |       |     8 ||     8
